Map: Whirlwind LE (Void)

Players

Fropez

  • Race: Protoss Protoss
  • League: Gold
  • Spawn Location: 5:00

NeO - Winner!

  • Race: Terran Terran
  • League: Gold
  • Spawn Location: 1:00

VOD

Have the link to the VOD?

Description

Time

  • Played on: Jan. 9, 2017, 5:30 p.m.
  • Length: 10:10
Show
View Real Time Build Order
Export as new Build Order

Fropez Protoss 

Build Orders: Nexus First 

Get SALT Encoding   

  12  0:01  Probe (Chrono Boost)  
  13  0:11  Probe (Chrono Boost)  
  14  0:22  Probe (Chrono Boost)  
  15  0:45  Nexus  
  15  0:51  Pylon  
  15  1:04  Assimilator  
  15  1:07  Assimilator  
  15  1:10  Probe (Chrono Boost)  
  16  1:31  Probe (Chrono Boost)  
  17  1:42  Probe (Chrono Boost)  
  18  1:48  Pylon  
  18  1:53  Probe (Chrono Boost)  
  19  2:04  Probe x2 (Chrono Boost)  
  19  2:07  Pylon  
  21  2:14  Probe (Chrono Boost), Gateway  
  22  2:16  Probe (Chrono Boost)  
  23  2:25  Probe (Chrono Boost)  
  23  2:26  Pylon  
  24  2:32  Gateway  
  24  2:33  Probe (Chrono Boost)  
  22  3:05  Cybernetics Core  
  22  3:07  Probe (Chrono Boost)  
  22  3:09  Pylon, Zealot  
  25  3:16  Zealot  
  25  3:18  Gateway  
  25  3:30  Probe (Chrono Boost)  
  25  3:33  Probe (Chrono Boost)  
  23  3:41  Adept  
  24  4:03  Probe (Chrono Boost)  
  24  4:05  Probe (Chrono Boost)  
  26  4:14  Probe (Chrono Boost)  
  28  4:17  Probe (Chrono Boost)  
  28  4:31  Twilight Council  
  28  4:35  Adept  
  30  4:39  Assimilator  
  30  4:42  Adept  
  30  4:43  Adept  
  34  4:55  Probe (Chrono Boost)  
  35  5:04  Mothership Core (Chrono Boost)  
  35  5:05  Warp Gate  
  37  5:11  Pylon  
  34  5:37  Pylon  
  34  5:43  Pylon  
  34  5:47  Pylon  
  34  5:49  Pylon  
  36  6:04  Adept  
  36  6:06  Resonating Glaives  
  36  6:18  Gateway x2  
  36  6:22  Gateway  
  36  6:31  Adept  
  38  6:38  Probe (Chrono Boost)  
  40  6:40  Probe (Chrono Boost)  
  40  6:42  Dark Shrine  
  40  6:44  Assimilator  
  40  6:46  Assimilator  
  40  6:49  Probe (Chrono Boost)  
  40  6:52  Probe (Chrono Boost)  
  42  6:59  Probe (Chrono Boost)  
  43  7:04  Probe (Chrono Boost)  
  44  7:10  Probe (Chrono Boost)  
  44  7:11  Adept  
  44  7:14  Adept  
  44  7:15  Adept  
  51  7:17  Adept  
  53  7:32  Probe (Chrono Boost)  
  53  7:33  Probe (Chrono Boost)  
  55  7:42  Adept x4  
  61  7:54  Robotics Facility  
  61  7:56  Pylon  
  61  8:19  Pylon  
  59  8:34  Probe (Chrono Boost)  
  59  8:36  Probe (Chrono Boost)  
  54  8:45  Probe (Chrono Boost)  
  41  8:52  Dark Templar x3  
  37  9:02  Pylon  
  35  9:05  Pylon  
  33  9:12  Immortal  
  33  9:22  Pylon  
  33  9:26  Dark Templar  
  33  9:29  Probe (Chrono Boost)  
  34  9:40  Dark Templar  
  34  9:41  Probe (Chrono Boost)  
  34  9:43  Pylon  
  34  10:07  Pylon x2  
Show
View Real Time Build Order
Export as new Build Order

NeO Terran - Winner!

Build Orders: MMM Bio 

Get SALT Encoding   

  12  0:02  SCV  
  13  0:15  Supply Depot  
  13  0:18  SCV  
  14  0:30  SCV  
  15  0:37  Barracks  
  15  0:44  Refinery  
  15  0:48  SCV  
  16  1:00  SCV  
  17  1:12  SCV  
  18  1:24  SCV  
  19  1:27  Reaper  
  20  1:36  SCV  
  20  1:38  Supply Depot, Barracks  
  21  1:41  Engineering Bay  
  21  2:09  Reaper  
  22  2:25  Marine  
  22  2:28  Barracks  
  23  2:32  Refinery  
  23  2:34  Terran Infantry Weapons Level 1  
  23  2:43  Marine  
  24  3:00  Marine  
  25  3:11  Marine  
  26  3:18  Marine  
  27  3:29  Marine  
  28  3:36  Marine  
  28  3:40  Marine  
  30  3:46  Marine  
  31  3:58  Marine  
  31  4:06  Orbital Command, Factory  
  31  4:10  Supply Depot  
  31  4:11  Supply Depot  
  31  4:19  Command Center  
  31  4:28  Missile Turret  
  31  4:31  Marine x3  
  31  4:34  Terran Infantry Armor Level 1  
  34  4:43  SCV  
  35  4:49  Marine x2  
  37  4:55  SCV  
  38  5:07  SCV  
  35  5:54  Marine x3  
  38  6:05  SCV  
  38  6:06  Factory Tech Lab  
  39  6:12  Marine x3  
  39  6:14  Barracks  
  39  6:17  SCV  
  43  6:26  Siege Tank  
  43  6:29  SCV  
  49  6:33  Barracks Tech Lab, Armory  
  49  6:34  Barracks Reactor  
  49  6:36  Barracks Tech Lab  
  47  6:41  SCV  
  48  6:47  Starport  
  48  6:49  Engineering Bay  
  48  6:53  SCV  
  49  6:57  Supply Depot  
  49  6:58  Stimpack, Siege Tank  
  49  7:00  Marauder x2  
  56  7:05  SCV  
  56  7:06  SCV  
  58  7:17  SCV  
  58  7:18  SCV  
  58  7:21  Marauder  
  62  7:29  SCV  
  63  7:30  SCV  
  64  7:45  Orbital Command  
  64  7:48  Starport Reactor  
  64  7:49  Terran Infantry Armor Level 2  
  64  7:58  Marine x4  
  64  7:59  Marine  
  69  8:06  Combat Shields  
  69  8:16  Marine  
  70  8:25  Marine  
  70  8:40  Marine  
  58  8:55  Marine x2, Marauder x2  
  61  8:58  Marine  
  61  9:01  Medivac x2  
  58  9:13  Marine x2  
  58  9:16  Marine, Marauder x2  
  64  9:30  Marine  
  64  9:31  Marine, Medivac  
  68  9:32  Refinery  
  68  9:34  Marine, Refinery  
  68  9:37  Marine  
  70  9:52  Marine x2  
Tags
 
Composition
MMM Bio
League
GoldGold
Matchup
PvT
Replay Pack
All Mines
Spawn Locations
Close Positions
Add a new tag
Caveats
  • Supply blocks, unpowered buildings, or Contaminate may cause inaccurate times.
  • Supply counts are checked every 10 seconds.